 Dungeon Crawl Stone Soup version 0.22-a0-99-g1ac4c55 (webtiles) character file.

258 mortelune the Conjurer (level 5, -11/38 HPs)
             Began as a Draconian Fire Elementalist on Jan 25, 2018.
             Mangled by a wyvern (15 damage)
             ... on level 3 of the Dungeon.
             The game lasted 00:09:43 (5350 turns).

mortelune the Conjurer (DrFE)                       Turns: 5350, Time: 00:09:44

Health: -11/38     AC:  8    Str: 10    XL:     5   Next: 94%
Magic:  1/9        EV: 12    Int: 17    God:
Gold:   151        SH:  0    Dex: 11    Spells: 4/10 levels left

rFire    . . .     SeeInvis .   q - +1 great mace (protect)
rCold    . . .     Gourm    .   (shield currently unavailable)
rNeg     . . .     Faith    .   (armour unavailable)
rPois    .         Spirit   .   (helmet restricted)
rElec    .         Reflect  .   (no cloak)
rCorr    .         Harm     .   (no gloves)
MR       .....                  c - +2 pair of boots
Stlth    ++........             (no amulet)
HPRegen  0.12/turn              (no ring)
MPRegen  0.11/turn              (no ring)

@: no status effects
A: unfitting armour, cold-blooded, AC +5
a: no special abilities


You were on level 3 of the Dungeon.
You were not hungry.

You visited 1 branch of the dungeon, and saw 4 of its levels.

You collected 151 gold pieces.

Inventory:

Hand Weapons
 d - a +0 club
 e - a +0 short sword
 m - a +0 hand axe
 q - a +1 great mace of protection (weapon)
 v - a cursed -3 spear
Armour
 c - a +2 pair of boots (worn)
Jewellery
 o - a cursed amulet of inaccuracy {unknown}
Scrolls
 g - a scroll of amnesia {unknown}
 h - a scroll of teleportation {unknown}
 k - a scroll of random uselessness
 l - a scroll of fear {unknown}
 n - a scroll of remove curse {unknown}
 r - 3 scrolls of identify
 u - a scroll of magic mapping {unknown}
Potions
 i - a potion of haste
 j - 2 potions of heal wounds
 p - 2 potions of curing {unknown}
 s - 3 potions of brilliance {unknown}
Books
 a - a book of Flames

   Spells                             Type                      Level
   a - Flame Tongue                   Conjuration/Fire             1
   b - Throw Flame                    Conjuration/Fire             2
   c - Conjure Flame                  Conjuration/Fire             3
   d - Inner Flame                    Hexes/Fire                   3
   e - Sticky Flame                   Conjuration/Fire             4
   f - Fireball                       Conjuration/Fire             5
Comestibles
 b - 6 rations


   Skills:
 - Level 1.7 Dodging
 - Level 1.7 Stealth
 + Level 3.3 Spellcasting
 * Level 4.2 Conjurations
 + Level 4.2 Fire Magic


You had 4 spell levels left.
You knew the following spells:

 Your Spells              Type           Power        Failure   Level  Hunger
a - Flame Tongue          Conj/Fire      ###..        3%          1    None
b - Throw Flame           Conj/Fire      ###...       4%          2    ##.....
c - Conjure Flame         Conj/Fire      ###.....     9%          3    ###....


Dungeon Overview and Level Annotations

Branches:
Dungeon (4/15)
 Temple: D:4-7

Altars:
Fedhas
Makhleb
Qazlal

Annotations:
D:3 1 runed door


Innate Abilities, Weirdness & Mutations

Your plain brown scales are hard. (AC +5)
You cannot fit into any form of body armour.
You are cold-blooded and may be slowed by cold attacks.


Message History

Confirm with . or Enter, or press ? or * to list all spells.
Aiming: Flame Tongue
Press: ? - help, Shift-Dir - straight line, f/p - wyvern
Aim: a wyvern (moderately wounded)
The flame tongue hits the wyvern.
The wyvern is heavily wounded.
The wyvern barely misses you. The adder misses you. The wyvern bites you!
* * * LOW HITPOINT WARNING * * *
The adder bites you.
* * * LOW HITPOINT WARNING * * *
The wyvern closely misses you. The adder bites you but does no damage.
You climb upwards.
Level annotation: 1 runed door
There is a stone staircase leading down here.
As you read the scroll labeled BAMAFA DUCIOS, it crumbles to dust.
You hear a loud clanging noise!
It was a scroll of noise.
The wyvern hisses menacingly.
The wyvern bites you!
You die...

#.#.#.)...# #.#.#.#
#.#.#.....# #.#.#[#
#.#.#.#.#.# #.#.#.#
#.#.#.#.#.# #.#.#.#
#.#.#.#.#.# #.#.#.#
#.#.#.#...# #.#.#.#
#.#.#.########.#.#.#
..#.#..........#S#.#####
###.############@#.....#
....#...........l#.)...#
#####.############.....#
#.# #.......# #.#
####....# #.# #..).# #.#
######
#####.###############
....................#


You could see a wyvern and an adder.

Vanquished Creatures
  A bullfrog (D:4)
  Robin (D:3)
  10 adders
  An ooze (D:3)
  A worm (D:3)
  3 leopard geckos
  An orc (D:3)
  A ball python (D:1)
  12 bats
  A giant cockroach (D:1)
  20 goblins
  12 hobgoblins
  A quokka (D:2)
  6 frilled lizards
  7 kobolds
  10 rats
88 creatures vanquished.

Notes
Turn   | Place    | Note
-------+----------+-------------------------------------------
     0 | D:1      | mortelune the Draconian Fire Elementalist began the quest for the Orb.
     0 | D:1      | Reached XP level 1. HP: 14/14 MP: 3/3
   216 | D:1      | Reached XP level 2. HP: 20/20 MP: 0/5
   328 | D:1      | Learned a level 2 spell: Throw Flame
  1326 | D:2      | Reached XP level 3. HP: 15/26 MP: 0/6
  1591 | D:1      | Learned a level 3 spell: Conjure Flame
  1891 | D:2      | Reached XP level 4. HP: 33/33 MP: 0/7
  3102 | D:3      | Found a stormy altar of Qazlal.
  3952 | D:3      | Noticed Robin
  4002 | D:3      | Reached XP level 5. HP: 38/38 MP: 6/9
  4361 | D:3      | Found a blossoming altar of Fedhas.
  4639 | D:3      | Found a burning altar of Makhleb.
  4681 | D:3      | Found a runed door.
  4756 | D:3      | Killed Robin
  5338 | D:4      | Noticed a wyvern
  5350 | D:3      | Mangled by a wyvern

Vault maps used:
D:1:      dpeg_arrival_lava_temple_mockup, minmay_misc_feat_tiny
D:2:      minmay_pentomino_v2
D:3:      overflow_temple_1_default, overflow_temple_1_default,
          overflow_temple_1_default, uniq_crazy_yiuf_cottage, uniq_robin
D:4:      lightli_sewer_entry_pipes, first_ration

Skill      XL: |  1  2  3  4  5 |
---------------+----------------+-----
Conjurations   | 2 3 4 |  4.2
Spellcasting   | 3 |  3.3
Fire Magic     | 4 |  4.2
Dodging        | |  1.7
Stealth        | |  1.7

Action                   |  1- 3 |  4- 6 || total
-------------------------+-------+-------++-------
Melee: Club              |     5 |       ||     5
       Tailslap          |     4 |       ||     4
       Short sword       |    15 |     2 ||    17
       Great mace        |       |    15 ||    15
 Cast: Flame Tongue      |    44 |    73 ||   117
       Throw Flame       |    12 |    33 ||    45
  Use: Scroll            |       |     4 ||     4
  Eat: Chunk             |     4 |    13 ||    17
Armor: Skin              |    19 |    34 ||    53
Dodge: Dodged            |    30 |    54 ||    84

Table legend:
 A = Spawn XP
 B = Non-spawn XP
 C = Spawn XP percentage of total XP
 D = Spawn monster count
 E = Non-spawn monster count
 F = Spawn count percentage of total count
 G = Total turns spent on level
                    A         B        C        D         E        F      G
               +---------+---------+-------+---------+---------+-------+---------
         Total |       0 |     369 |   0.0 |       0 |      88 |   0.0 |  5350
               +---------+---------+-------+---------+---------+-------+---------
           D:1 |       0 |      40 |   0.0 |       0 |      25 |   0.0 |  1583
           D:2 |       0 |      95 |   0.0 |       0 |      23 |   0.0 |  1509
           D:3 |       0 |     144 |   0.0 |       0 |      39 |   0.0 |  2247
           D:4 |       0 |      90 |   0.0 |       0 |       1 |   0.0 |    11
               +---------+---------+-------+---------+---------+-------+---------
